[Event "*** Titled Tuesday Blitz"]
[Site "Chess.com"]
[Date "2020.12.01"]
[Round "1"]
[White "MaxLeto"]
[Black "tigra"]
[Result "0-1"]
[WhiteElo "2391"]
[BlackElo "2786"]
[TimeControl "180+1"]
[EndTime "10:06:00 PST"]
[Termination "tigra won by resignation"]

1. g4 d5 2. Bg2 c6 3. g5 e5 4. h4 Bg4 5. d4 Nd7 6. dxe5 Nxe5 7. Qd4 Qc7 8. Bf4 Bd6 9. Nc3 f5 10. h5 O-O-O 11. f3 Nxf3+ 12. exf3 Bxf4 13. fxg4 Re8+ 14. Nge2 Be3 15. Qa4 Ne7 16. Rh3 Qe5 17. Rd1 Rhf8 18. Rd3 f4 19. Kd1 Kb8 20. Rf3 Qxg5 21. Nb1 Nc8 22.
Bh3 Nb6 23. Qa3 Nc4 24. b3 Nxa3 0-1

[Event "*** Titled Tuesday Blitz"]
[Site "Chess.com"]
[Date "2020.12.01"]
[Round "1"]
[White "capatl"]
[Black "ZenBull"]
[Result "1-0"]
[WhiteElo "2507"]
[BlackElo "2149"]
[TimeControl "180+1"]
[EndTime "10:06:01 PST"]
[Termination "capatl won by resignation"]

1. c4 Nf6 2. Nc3 e6 3. d4 Bb4 4. Nf3 d5 5. e3 O-O 6. Bd2 b6 7. Qc2 Bb7 8. Bd3 a6 9. O-O Nbd7 10. a3 Bd6 11. e4 dxe4 12. Nxe4 Nxe4 13. Bxe4 Bxe4 14.
Qxe4 Nf6 15. Qd3 c5 16. Bc3 Be7 17. Rad1 cxd4 18. Nxd4 Qc7 19. Nc2 Rfd8 20. Qe2 Rxd1 21. Rxd1 Rd8 22. Rxd8+ Qxd8 23. Ne3 h6 24. h3 Qc7 25.
Qd3 Qd6 26. Qxd6 Bxd6 27. Bxf6 gxf6 28. b4 Kf8 29. Kf1 Ke7 30. Ke2 Kd7 31. Kd3 Kc6 32. Ng4 a5 33. b5+ Kd7 34. a4 f5 35. Nxh6 Ke8 36. g4 Bf4 37. Ng8 Bg5 38. f4 Bxf4 39.
Nf6+ Ke7 40. Nh5 Bg5 41. gxf5 exf5 42. Ng3 Ke6 43. Ne2 Ke5 44. Nd4 Be7 45. Nc6+ Kd6 46. Nxe7 Kxe7 47. h4 Kf6 48. c5 bxc5 49. b6 1-0

[Event "*** Titled Tuesday Blitz"]
[Site "Chess.com"]
[Date "2020.12.01"]
[Round "1"]
[White "Pogosian_Manvel"]
[Black "resha1988"]
[Result "1-0"]
[WhiteElo "2381"]
[BlackElo "2695"]
[TimeControl "180+1"]
[EndTime "10:06:03 PST"]
[Termination "Pogosian_Manvel won by resignation"]

1. d4 d5 2. c4 e6 3. Nc3 Nf6 4. Bg5 Be7 5. Nf3 Nbd7 6. e3 O-O 7. Bd3 b6 8. O-O Bb7 9. cxd5 exd5 10. Rc1 Rc8 11.
Ne2 c5 12. Ng3 Re8 13. Nf5 h6 14. Bh4 Bf8 15. Re1 g5 16. Nxg5 hxg5 17. Bxg5 Qc7 18.
Qf3 Nh7 19. Bh6 Qc6 20. Qg3+ Kh8 21. Bg7+ Kg8 22. Bf6+ 1-0

[Event "*** Titled Tuesday Blitz"]
[Site "Chess.com"]
[Date "2020.12.01"]
[Round "1"]
[White "Yashasd1995"]
[Black "MarceloPlaya"]
[Result "1-0"]
[WhiteElo "2589"]
[BlackElo "2283"]
[TimeControl "180+1"]
[EndTime "10:06:03 PST"]
[Termination "Yashasd1995 won on time"]

1. b3 e5 2. Bb2 Nc6 3. e3 Nf6 4. Bb5 d6 5. d4 exd4 6. exd4 Be7 7. d5 a6 8. Bxc6+ bxc6 9. dxc6 O-O 10. Ne2 a5 11.
O-O Bf5 12. Nd4 Bg6 13. c4 Ne4 14. Re1 Bf6 15. Nc3 Nc5 16. Re3 Re8 17. Rxe8+ Qxe8 18. Nd5 Qd8 19. Qd2 Ne4 20. Qe2 Be5 21. Nb5 Qh4 22.
Bxe5 dxe5 23. Nbxc7 Rd8 24. Nb5 Bh5 25. f3 Ng5 26. c7 Ra8 27. Nb6 Rf8 28. Qf2 Qf4 29. Nd5 1-0

[Event "*** Titled Tuesday Blitz"]
[Site "Chess.com"]
[Date "2020.12.01"]
[Round "1"]
[White "Tssunami"]
[Black "German_Bazeev"]
[Result "1-0"]
[WhiteElo "2395"]
[BlackElo "2714"]
[TimeControl "180+1"]
[EndTime "10:06:09 PST"]
[Termination "Tssunami won by resignation"]

1. Nf3 Nf6 2. d4 e6 3. g3 d5 4. Bg2 Be7 5. O-O O-O 6. Bf4 c5 7. c3 Nc6 8. Nbd2 Nh5 9. Rc1 Nxf4 10. gxf4 f5 11. dxc5 Bxc5 12. Nb3 Be7 13. c4 Bf6 14. cxd5 exd5 15. Nbd4 Bd7 16. e3 Qb6 17. Qd2 Rad8 18. Rfd1 g6 19. a3 Kg7 20. b4 Nxd4 21. Nxd4 Ba4 22.
Re1 Rfe8 23. Rc5 Rd7 24. Rec1 Rde7 25. Rxd5 a6 26. h3 Bd7 27. Rxd7 Rxd7 28. Nxf5+ gxf5 29. Qxd7+ Re7 30. Qxf5 Rxe3 31. Qg4+ Kh6 32. Rc5 1-0

[Event "*** Titled Tuesday Blitz"]
[Site "Chess.com"]
[Date "2020.12.01"]
[Round "1"]
[White "PawnEatingZombie"]
[Black "SaqoChess_Twitch"]
[Result "0-1"]
[WhiteElo "2158"]
[BlackElo "2513"]
[TimeControl "180+1"]
[EndTime "10:06:12 PST"]
[Termination "SaqoChess_Twitch won on time"]

1. d4 d5 2. c4 e6 3. Nc3 Nf6 4.
cxd5 exd5 5. Bg5 c6 6. e3 Qb6 7.
Qd2 Ne4 8. Nxe4 dxe4 9. Ne2 Bf5 10. Nc3 Nd7 11. Bc4 Bd6 12. O-O O-O 13. f3 h6 14.
Bh4 exf3 15. Rxf3 Be6 16. Bd3 Qc7 17. Bg3 Bxg3 18. Rxg3 Kh8 19. Rf1 Nf6 20. Kh1 Nh7 21. e4 Rad8 22. Qf2 Qd6 23. Ne2 Bxa2 24. e5 Qd7 25. h3 Bd5 26. Rg4 f5 27. Rf4 Be6 28.
Ng3 g5 29. Rxf5 Bxf5 30. Nxf5 Rxf5 31. Bxf5 Qxd4 32. Qc2 Nf8 33. e6 Qf6 34. Re1 Re8 35. Qe4 Re7 36. Bg4 Kg7 37. Kg1 Ng6 38. Rf1 Qxb2 39.
Rf7+ Rxf7 40. exf7 Kxf7 41. Qe6+ Kg7 42. Qd7+ Kf8 43.
Be6 Qc1+ 44. Kh2 Qf4+ 45. Kh1 Qf6 46. Bb3 Nh4 47. Qc8+ Ke7 48. Qc7+ Ke8 49. Qc8+ Qd8 50. Bf7+ Ke7 51. Qe6+ Kf8 0-1

[Event "*** Titled Tuesday Blitz"]
[Site "Chess.com"]
[Date "2020.12.01"]
[Round "1"]
[White "Chessalary"]
[Black "Adham_Fawzy"]
[Result "0-1"]
[WhiteElo "2417"]
[BlackElo "2846"]
[TimeControl "180+1"]
[EndTime "10:06:15 PST"]
[Termination "Adham_Fawzy won by resignation"]

1. e4 c5 2. Nf3 Nc6 3. d4 cxd4 4. Nxd4 e5 5. Nb5 d6 6. N1c3 a6 7.
Na3 b5 8. Nd5 Nge7 9. c3 Nxd5 10. exd5 Ne7 11. Nc2 Bd7 12. Be2 g6 13. O-O Bg7 14.
Kh1 O-O 15. Bg5 h6 16. Bd2 Nf5 17. Ne3 Nh4 18. f4 exf4 19. Rxf4 Be5 20. Re4 Nf5 21. Nxf5 Bxf5 22. Re3 Re8 23. Qf1 b4 24. Rf3 Qh4 25.
Bf4 Be4 26. Rf2 bxc3 27. Bxe5 Rxe5 28. Rxf7 cxb2 29. Rd1 b1=Q 30. Rc7 Qxd1 31. Bxd1 Rf8 0-1

[Event "*** Titled Tuesday Blitz"]
[Site "Chess.com"]
[Date "2020.12.01"]
[Round "1"]
[White "bratkoo"]
[Black "Tejas_Rama"]
[Result "1-0"]
[WhiteElo "2550"]
[BlackElo "2229"]
[TimeControl "180+1"]
[EndTime "10:06:18 PST"]
[Termination "bratkoo won by checkmate"]

1. e4 e5 2. Nf3 Nc6 3. Bc4 Nf6 4.
d3 Be7 5. O-O d6 6. a4 O-O 7. Re1 Nd7 8. a5 Kh8 9. Nc3 f5 10. Nd5 f4 11. d4 Nf6 12. c3 Bg4 13.
Nxf6 Rxf6 14. a6 Bxf3 15. Qxf3 exd4 16. axb7 Rb8 17. Bd5 Ne5 18. Qh3 dxc3 19. Rxa7 c6 20. Ba2 Qb6 21. Ra8 Qxb7 22. Rxb8+ Qxb8 23. Qxc3 Qb6 24. Rd1 Ng4 25. Qd4 Qxd4 26. Rxd4 g5 27. Ra4 d5 28.
exd5 cxd5 29. h3 Ne5 30. Bxd5 Nd3 31. Bd2 Rd6 32. Bc3+ Bf6 33. Ra8+ Kg7 34. Ra7+ Kh6 35. Be4 Nxb2 36. Rxh7# 1-0

[Event "*** Titled Tuesday Blitz"]
[Site "Chess.com"]
[Date "2020.12.01"]
[Round "1"]
[White "Stosk"]
[Black "FMKonstantin_Twitch"]
[Result "1-0"]
[WhiteElo "2353"]
[BlackElo "2624"]
[TimeControl "180+1"]
[EndTime "10:06:20 PST"]
[Termination "Stosk won by resignation"]

1. d4 d5 2. c4 e6 3. Nc3 Nf6 4. cxd5 exd5 5. Bg5 c6 6. e3 Be7 7. Bd3 O-O 8. Qc2 Nbd7 9. Nge2 Re8 10. f3 Nf8 11.
O-O Be6 12. e4 c5 13. e5 N6d7 14. Bxe7 Qxe7 15. Nb5 c4 16. Bf5 g6 17. Bxe6 fxe6 18.
Nc7 Nxe5 19. Nxa8 Nc6 20. Rae1 Rxa8 21. Qd2 Qf7 22. Nf4 b5 23. h4 Rd8 24. Qe3 Rd6 25.
h5 g5 26. Nh3 h6 27. Nf2 Qxh5 28. Ng4 Qg6 29. f4 Nd7 30. fxg5 Qxg5 31. Nxh6+ 1-0

[Event "*** Titled Tuesday Blitz"]
[Site "Chess.com"]
[Date "2020.12.01"]
[Round "1"]
[White "ybruned"]
[Black "Ginger_GM"]
[Result "0-1"]
[WhiteElo "2298"]
[BlackElo "2606"]
[TimeControl "180+1"]
[EndTime "10:06:20 PST"]
[Termination "Ginger_GM won by resignation"]

1. Nf3 f5 2. e3 Nf6 3. b3 d6 4. Bb2 e5 5. d4 e4 6. Nfd2 d5 7. Be2 Bd6 8. c4 c6 9. Nc3 a6 10. O-O O-O 11. f4 b5 12. c5 Bc7 13.
a3 a5 14. b4 a4 15. g3 Kh8 16. Kf2 Rg8 17. Rh1 g5 18. Nf1 Be6 19. h4 gxf4 20.
exf4 Nbd7 21. Qd2 Qe7 22. Nd1 Bf7 23. Nde3 Qe6 24. Qd1 Rg7 25. Ke1 Rag8 26. Kd2 Rxg3 27. Nxg3 Rxg3 28. Qf1 Bh5 29. Rg1 Rxg1 30. Qxg1 Bxf4 31.
Rf1 Bh6 32. Qh2 Bxe2 33. Kxe2 Bxe3 34. Qd6 Qxd6 35. cxd6 f4 36. Bc1 Bxc1 37. Rxc1 f3+ 38. Ke3 Nb8 39. Rg1 h5 40. Rg5 Nbd7 41. Kf2 Kh7 42.
Kg3 Kh6 43. Re5 Kg6 44. Re6 Kf5 45. Re5+ Nxe5 46. dxe5 0-1

[Event "*** Titled Tuesday Blitz"]
[Site "Chess.com"]
[Date "2020.12.01"]
[Round "1"]
[White "kidagent"]
[Black "alexrustemov"]
[Result "0-1"]
[WhiteElo "2320"]
[BlackElo "2645"]
[TimeControl "180+1"]
[EndTime "10:06:21 PST"]
[Termination "alexrustemov won by checkmate"]

1. e4 e6 2. d4 d5 3. Nd2 c5 4.
exd5 Qxd5 5. dxc5 Bxc5 6. Ngf3 Nf6 7. Bc4 Qc6 8. O-O O-O 9. Qe2 b6 10. Ne5 Qc7 11. Ndf3 Nbd7 12. Nxf7 Rxf7 13. Bxe6 Nf8 14. Bxf7+ Qxf7 15. Be3 Bd6 16. Ng5 Qc7 17. h3 Bf5 18. c3 Re8 19. Rad1 h6 20. Nf3 Bf4 21. Nd4 Bxe3 22.
Nxf5 Bc5 23. Qf3 Qe5 24. Nd4 Ng6 25. Qd3 Nf4 26. Qc4+ Kh8 27. Nf3 Qf5 28. Nh4 Nxh3+ 29. gxh3 Qxh3 30. Rd3 Qc8 31. Ng6+ Kh7 32. Rg3 Re4 33.
Qf7 Rg4 34. Ne5 Rxg3+ 35. Kh2 Qh3# 0-1

[Event "*** Titled Tuesday Blitz"]
[Site "Chess.com"]
[Date "2020.12.01"]
[Round "1"]
[White "DraG0s3L"]
[Black "fish7728"]
[Result "1-0"]
[WhiteElo "2510"]
[BlackElo "2156"]
[TimeControl "180+1"]
[EndTime "10:06:21 PST"]
[Termination "DraG0s3L won on time"]

1. c4 Nf6 2. Nc3 g6 3. g3 Bg7 4.
Bg2 O-O 5. e4 d6 6. Nge2 c5 7.
O-O e5 8. d3 Nc6 9. Nd5 Nxd5 10. cxd5 Nd4 11. Nxd4 cxd4 12. f4 f5 13. fxe5 dxe5 14.
Qb3 Kh8 15. Bd2 a5 16. Rac1 Ra6 17. Qa3 Bd7 18. Rc5 b5 19. b4 a4 20. Qc1 Ra7 21. a3 Bf6 22. Bh6 Rg8 23. d6 Ra6 24. Rd5 Be6 25.
Rxb5 Rxd6 26. Qc5 Qd7 27. Rc1 Rd8 28. Rb6 Rxb6 29. Qxb6 Rc8 30. Rxc8+ Qxc8 31. exf5 gxf5 32. Bd5 Bd8 33. Qxe6 Qxe6 34. Bxe6 1-0

[Event "*** Titled Tuesday Blitz"]
[Site "Chess.com"]
[Date "2020.12.01"]
[Round "1"]
[White "bancsoo"]
[Black "Kolle05"]
[Result "1-0"]
[WhiteElo "2897"]
[BlackElo "2435"]
[TimeControl "180+1"]
[EndTime "10:06:23 PST"]
[Termination "bancsoo won by resignation"]

1. d4 Nf6 2. Nf3 g6 3. g3 Bg7 4. Bg2 O-O 5. O-O d6 6. c4 Nc6 7.
Nc3 a6 8. Qd3 e5 9. dxe5 dxe5 10. Qxd8 Rxd8 11. Bg5 Be6 12. Nd2 h6 13. Bxf6 Bxf6 14.
Nde4 Be7 15. Nd5 Bxd5 16. cxd5 Nb4 17. Nc3 c6 18. dxc6 Nxc6 19. Nd5 Bc5 20. Rac1 Bd4 21.
Rc2 Kg7 22. e3 Ba7 23. Rfc1 Rd6 24. Rc4 Rad8 25. Nc3 Rd2 26. Bxc6 bxc6 27. b3 Rc8 28. Ra4 Bc5 29. Rxa6 Bb4 30. Ne4 Re2 31. Kf1 Rb2 32.
a3 Rd8 33. axb4 1-0

[Event "*** Titled Tuesday Blitz"]
[Site "Chess.com"]
[Date "2020.12.01"]
[Round "1"]
[White "Dreamer_01"]
[Black "Dedic8"]
[Result "0-1"]
[WhiteElo "2404"]
[BlackElo "2823"]
[TimeControl "180+1"]
[EndTime "10:06:23 PST"]
[Termination "Dedic8 won by resignation"]

1. d3 e5 2. Nf3 Nc6 3. g3 d5 4.
Bg2 g6 5. O-O Bg7 6. c4 d4 7. a3 a5 8. Nbd2 Nge7 9. Rb1 a4 10. b4 axb3 11. Rxb3 O-O 12. a4 b6 13. Ba3 Bd7 14. c5 bxc5 15. Bxc5 Rxa4 16. Nc4 Re8 17. Rb7 Na5 18. Nxa5 Rxa5 19. Qc2 Nd5 20.
Nxd4 exd4 21. Bxd5 Bh3 22. Qc4 Bxf1 23. Bxf7+ Kh8 24.
Kxf1 Ra1+ 25. Kg2 Rxe2 26. Ba7 Rxf2+ 27. Kh3 Qc8+ 28. Be6 Qxb7 0-1

[Event "*** Titled Tuesday Blitz"]
[Site "Chess.com"]
[Date "2020.12.01"]
[Round "1"]
[White "Son_of_Sultan"]
[Black "ChessteacherPalmS"]
[Result "1-0"]
[WhiteElo "2631"]
[BlackElo "2309"]
[TimeControl "180+1"]
[EndTime "10:06:23 PST"]
[Termination "Son_of_Sultan won by resignation"]

1. d4 Nf6 2. Bg5 Ne4 3. h4 c5 4. d5 Qa5+ 5. Nd2 d6 6. Nf3 Bg4 7. c3 Nxd2 8. Nxd2 Nd7 9. f3 h6 10. Bf4 Bf5 11. e4 Bg6 12. Qb3 Qc7 13. a4 f5 14. Bd3 fxe4 15. Nxe4 Bf7 16. O-O Nf6 17.
Bb5+ Kd8 18. Bc4 a6 19. a5 Rb8 20. Qd1 g6 21. Nxf6 exf6 22. Qd3 g5 23. Bg3 Qd7 24. b4 cxb4 25. cxb4 f5 26. Bf2 Bg7 27. Rae1 Be5 28. Bb6+ Ke7 29. f4 gxf4 30. Rxf4 Kf6 31. Bd4 Bg6 32. Ref1 Rbe8 33. h5 Bh7 34. Qh3 Rhg8 35.
Bd3 Rg5 36. Qh4 Rg8 37. Kh1 Kf7 38. Bxe5 dxe5 39. R4f2 f4 40. Bxh7 R8g7 41. Bg6+ Kg8 42. Qh3 Qxd5 43. Qc8+ 1-0

[Event "*** Titled Tuesday Blitz"]
[Site "Chess.com"]
[Date "2020.12.01"]
[Round "1"]
[White "ARMQUEEN"]
[Black "Vojtap"]
[Result "1-0"]
[WhiteElo "2492"]
[BlackElo "2117"]
[TimeControl "180+1"]
[EndTime "10:06:23 PST"]
[Termination "ARMQUEEN won on time"]

1. e4 c5 2. Nc3 Nc6 3. Bb5 g6 4. Bxc6 dxc6 5. d3 Bg7 6. Nge2 e5 7. Be3 b6 8. Qd2 h6 9. O-O Ne7 10. f4 exf4 11. Bxf4 Bg4 12. Rae1 Qd7 13. e5 g5 14. Bg3 O-O 15. Ne4 Nf5 16. Nxg5 hxg5 17. Qxg5 Nh6 18. Nf4 Qf5 19. Qh4 Bxe5 20. Qxh6 Bxb2 21.
h3 Bxh3 22. Nxh3 Bd4+ 23. Kh1 Qg6 24. Qh4 Rae8 25. Nf4 Qh7 26. Nh5 Re6 27. Rxe6 fxe6 28.
Rxf8+ Kxf8 29. Bd6+ Kg8 30. Kh2 Kf7 31. Qe7+ Kg6 32.
Qxh7+ Kxh7 33. Nf4 e5 34. Ne6 Kg6 35. Bb8 a5 36.
Ba7 b5 37. Nxd4 cxd4 38. Kg3 Kf5 39. Kf3 a4 40. Bc5 1-0

[Event "*** Titled Tuesday Blitz"]
[Site "Chess.com"]
[Date "2020.12.01"]
[Round "1"]
[White "TigrVShlyape"]
[Black "Tactictic"]
[Result "1-0"]
[WhiteElo "2844"]
[BlackElo "2417"]
[TimeControl "180+1"]
[EndTime "10:06:24 PST"]
[Termination "TigrVShlyape won on time"]

1. d4 Nf6 2. Nf3 d5 3. Bf4 e6 4. e3 Be7 5. h4 c5 6. c3 Qb6 7.
Qb3 c4 8. Qc2 Nc6 9. Nbd2 a5 10. a4 O-O 11. g3 Qa6 12. b3 cxb3 13. Qxb3 Qa7 14. Bb5 Qb6 15. Ke2 Na7 16. Bd3 Qc6 17. Ne5 Qe8 18. g4 Nd7 19. Nef3 f6 20. g5 Qf7 21. gxf6 Bxf6 22. Rag1 Nc6 23. Qb1 e5 24.
Bxh7+ Kh8 25. Bg6 Qe6 26. Ng5 Qe7 27. Bf7 e4 28. Bxd5 Nb6 29. Qxb6 1-0

[Event "*** Titled Tuesday Blitz"]
[Site "Chess.com"]
[Date "2020.12.01"]
[Round "1"]
[White "anpospan"]
[Black "youngKID"]
[Result "0-1"]
[WhiteElo "2417"]
[BlackElo "2843"]
[TimeControl "180+1"]
[EndTime "10:06:24 PST"]
[Termination "youngKID won on time"]

1. d4 Nf6 2. c4 g6 3. Nc3 Bg7 4. e4 d6 5. Nf3 O-O 6. Be2 Nbd7 7. O-O e5 8. h3 c6 9. Be3 exd4 10. Nxd4 Re8 11.
Qc2 a6 12. a4 Qe7 13. Bf3 Nc5 14. Bg5 Qe5 15. Bxf6 Qxf6 16. Rad1 h5 17. b4 Ne6 18.
Nxe6 Bxe6 19. Ne2 Bxh3 20. Rd3 Bg4 21. Rfd1 Rad8 22. Bxg4 hxg4 23. Ng3 Qf4 24. Qd2 Be5 25. Qxf4 Bxf4 26. c5 Bxg3 27. fxg3 Rxe4 28. Rxd6 Rde8 29. b5 cxb5 30. axb5 axb5 31. Rb6 R8e7 32. Rxb5 Re2 33. Rdb1 Rc2 34. Rxb7 Ree2 35. c6 Rxg2+ 36. Kh1 Rh2+ 37. Kg1 Rhg2+ 38. Kh1 Rgd2 39. c7 Kg7 40. Kg1 Rg2+ 41. Kh1 Rxg3 42. Rd1 Rh3+ 43. Kg1 Rg3+ 44. Kh1 Rgc3 45.
Rd7 Rf2 0-1

[Event "*** Titled Tuesday Blitz"]
[Site "Chess.com"]
[Date "2020.12.01"]
[Round "1"]
[White "Taktikmonster"]
[Black "Chessdreamer2020"]
[Result "0-1"]
[WhiteElo "2205"]
[BlackElo "2540"]
[TimeControl "180+1"]
[EndTime "10:06:24 PST"]
[Termination "Chessdreamer2020 won by resignation"]

1. e4 d6 2. d4 Nf6 3. Nc3 e5 4. Nf3 Nbd7 5. Bc4 Be7 6. O-O O-O 7. Re1 c6 8. a4 a5 9. h3 exd4 10. Nxd4 Nb6 11. Bd3 d5 12. e5 Ne8 13. Nf5 Bxf5 14. Bxf5 g6 15. Bd3 Ng7 16. Bh6 Re8 17. Bxg7 Kxg7 18.
f4 f5 19. exf6+ Bxf6 20. f5 g5 21. Ne2 Be5 22. Qd2 h6 23. h4 Nd7 24. Rf1 Qf6 25.
c3 Nc5 26. Bc2 Re7 27. Rae1 Rae8 28. Nd4 Bxd4+ 29. cxd4 Rxe1 30. Rxe1 Rxe1+ 31. Qxe1 Qxd4+ 32. Kh2 Qxh4+ 33. Qxh4 gxh4 34. Kh3 d4 35. Kxh4 d3 36. Bd1 Ne4 37. g4 Nf2 38. Bf3 d2 39. g5 hxg5+ 40. Kxg5 d1=Q 41. Bxd1 Nxd1 42. f6+ Kf7 43. Kf5 Nxb2 44.
Ke5 Nxa4 45. Kd6 Nc3 46. Kc7 a4 0-1

[Event "*** Titled Tuesday Blitz"]
[Site "Chess.com"]
[Date "2020.12.01"]
[Round "1"]
[White "yourstrulyme"]
[Black "ChessWarrior3"]
[Result "1-0"]
[WhiteElo "2489"]
[BlackElo "2105"]
[TimeControl "180+1"]
[EndTime "10:06:25 PST"]
[Termination "yourstrulyme won by checkmate"]

1. e4 c5 2. Nf3 d6 3. d4 cxd4 4. Nxd4 Nf6 5. Nc3 a6 6. h4 e5 7. Nb3 Be6 8. f4 exf4 9. Bxf4 Nc6 10. Qd2 Ne5 11. Nd4 Be7 12. O-O-O O-O 13. Nxe6 fxe6 14. g3 Qc7 15. Bh3 Neg4 16. Bxd6 Bxd6 17. Qxd6 Qxd6 18. Rxd6 Rfe8 19. Re1 h5 20. e5 Nd5 21. Nxd5 exd5 22. Bxg4 hxg4 23. Rxd5 Rad8 24. Rxd8 Rxd8 25. Re4 Re8 26. Kd2 Kh7 27. Ke3 Kh6 28. e6 g5 29.
hxg5+ Kxg5 30. e7 Kf6 31. Kf4 Kf7 32. Kf5 b5 33. c3 a5 34. a3 a4 35. Re3 Rc8 36.
e8=Q+ Rxe8 37. Rxe8 Kxe8 38. Kxg4 Kd7 39. Kf5 Kd6 40. g4 Kc5 41. g5 Kc4 42. g6 Kb3 43. g7 Kxb2 44. g8=Q Kxc3 45. Qf8 b4 46. Qxb4+ Kc2 47. Ke4 Kc1 48. Kd3 Kd1 49. Qb1# 1-0

[Event "*** Titled Tuesday Blitz"]
[Site "Chess.com"]
[Date "2020.12.01"]
[Round "1"]
[White "Oglob71"]
[Black "LPSupi"]
[Result "0-1"]
[WhiteElo "2438"]
[BlackElo "2912"]
[TimeControl "180+1"]
[EndTime "10:06:26 PST"]
[Termination "LPSupi won by resignation"]

1. d4 Nf6 2. Nf3 e6 3. e3 d5 4. Bd3 Bd6 5. Nbd2 b6 6. e4 dxe4 7. Nxe4 Bb7 8. Nxd6+ cxd6 9. O-O O-O 10. Bg5 h6 11. Bh4 Nbd7 12. c3 Re8 13. Re1 Qc7 14. Bg3 Nh5 15. Nd2 Nxg3 16. hxg3 Rad8 17. Qh5 Nf6 18.
Qe2 e5 19. dxe5 dxe5 20. Bb5 Re7 21. Rad1 e4 22. Nf1 Rd5 23. Ne3 Rg5 24. Bc4 h5 25.
Rd4 Qe5 26. Red1 g6 27. Nd5 Bxd5 28. Bxd5 Nxd5 29. Rxd5 Qxd5 30. Rxd5 Rxd5 31. Qc4 Rd1+ 32. Kh2 Rd2 33. Qb4 Re6 34. Kg1 e3 35. fxe3 Rxe3 36.
Qf4 Re1+ 37. Kh2 Ree2 38. Qb8+ Kg7 39. Qxa7 Rxg2+ 40. Kh1 Rge2 41. Qxb6 Re1+ 42. Qg1 Rxg1+ 43. Kxg1 Rxb2 44. a4 Ra2 45. a5 Rxa5 46. Kf2 Rc5 0-1

[Event "*** Titled Tuesday Blitz"]
[Site "Chess.com"]
[Date "2020.12.01"]
[Round "1"]
[White "Gerasimenyuk_Miha"]
[Black "Arseniy_Nesterov"]
[Result "0-1"]
[WhiteElo "2419"]
[BlackElo "2850"]
[TimeControl "180+1"]
[EndTime "10:06:26 PST"]
[Termination "Arseniy_Nesterov won by resignation"]

1. d4 d5 2. Nf3 Nf6 3. Bg5 e6 4. e3 Be7 5. Nbd2 O-O 6. Bd3 b6 7. c3 c5 8. h4 Ba6 9. Bb1 Re8 10.
Qc2 Nbd7 11. Ne5 Nf8 12. Ndf3 Qc7 13. Bf4 Bd6 14. Ng5 cxd4 15. exd4 Re7 16. g3 Ng6 17. Nxg6 hxg6 18. Bxd6 Qxd6 19. f4 Nh5 20. Kf2 b5 21.
Re1 b4 22. Qa4 bxc3 23. bxc3 Rc8 24. Re3 Nf6 25. Kg2 Rec7 26. Qb3 Rb7 27. Qc2 Qa3 28.
Kh3 Rb2 29. Qc1 Rh2+ 30. Kxh2 Qxc1 0-1

[Event "*** Titled Tuesday Blitz"]
[Site "Chess.com"]
[Date "2020.12.01"]
[Round "1"]
[White "daro94"]
[Black "profofchess"]
[Result "1-0"]
[WhiteElo "2842"]
[BlackElo "2414"]
[TimeControl "180+1"]
[EndTime "10:06:26 PST"]
[Termination "daro94 won by resignation"]

1. Nf3 Nc6 2. g3 e5 3. d3 g6 4.
Bg2 Bg7 5. O-O Nge7 6. c4 d6 7. Nc3 O-O 8. Rb1 Be6 9. b4 Qd7 10. b5 Nd8 11. Ng5 Bf5 12. e4 Be6 13. Nd5 h6 14.
Nxe6 Nxe6 15. Bh3 Qd8 16. f4 exf4 17. gxf4 Nxd5 18. cxd5 Nc5 19. Qf3 a6 20. Be3 Nxd3 21. b6 f5 22. Rfd1 fxe4 23. Qxe4 Nc5 24. Bxc5 dxc5 25.
bxc7 Qxc7 26. d6 Qc6 27. Rd5 Rae8 28. Be6+ Kh7 29. f5 Bd4+ 30. Rxd4 cxd4 31. Rxb7+ Qxb7 32. Qxb7+ Kh8 33. fxg6 1-0

[Event "*** Titled Tuesday Blitz"]
[Site "Chess.com"]
[Date "2020.12.01"]
[Round "1"]
[White "dosto07"]
[Black "LionTheLeon_06"]
[Result "0-1"]
[WhiteElo "2313"]
[BlackElo "2637"]
[TimeControl "180+1"]
[EndTime "10:06:27 PST"]
[Termination "LionTheLeon_06 won by resignation"]

1. e4 g6 2. d4 Bg7 3. Nf3 d6 4.
Nc3 a6 5. a4 b6 6. Be2 Bb7 7.
O-O e6 8. Re1 Nd7 9. Bf4 Ne7 10.
Qd2 h6 11. h4 Kf8 12. Bd3 Kg8 13.
Rad1 Nc6 14. d5 exd5 15. exd5 Nce5 16. Nxe5 Nxe5 17. Bg3 Qd7 18. Qf4 Re8 19. Ne4 f5 20. Nc3 h5 21. Ne2 Nxd3 22. cxd3 Bxd5 23. Nd4 Kh7 24. Nf3 Bxf3 25. Qxf3 Qxa4 26. Qb7 Qc2 27. Qxa6 Qxb2 28. Qc4 Qc3 29. Qxc3 Bxc3 30. Rxe8 Rxe8 31.
Rc1 Re1+ 32. Rxe1 Bxe1 33. Kf1 Bc3 34. Ke2 Bd4 35. Kf3 b5 36. Bf4 b4 37. Bd2 b3 38.
Bc1 b2 39. Bxb2 Bxb2 0-1

[Event "*** Titled Tuesday Blitz"]
[Site "Chess.com"]
[Date "2020.12.01"]
[Round "1"]
[White "snowlord"]
[Black "mapleaff"]
[Result "1-0"]
[WhiteElo "2805"]
[BlackElo "2401"]
[TimeControl "180+1"]
[EndTime "10:06:28 PST"]
[Termination "snowlord won by resignation"]

1. d4 Nf6 2. c4 e6 3. Nf3 d5 4. g3 Be7 5. Bg2 O-O 6. Nc3 dxc4 7. Ne5 Nc6 8. Bxc6 bxc6 9. Nxc6 Qe8 10. Nxe7+ Qxe7 11. Qa4 Bb7 12. O-O c5 13. Qxc4 cxd4 14. Qxd4 e5 15.
Qh4 h6 16. Be3 Qe6 17. Rad1 Ng4 18. Bc1 Qc6 19. f3 Qb6+ 20. Kg2 Ne3+ 21. Bxe3 Qxe3 22.
Qb4 Rab8 23. Qa3 h5 24. Rd3 Qg5 25. Qxa7 h4 26. Qe3 Qg6 27. b3 hxg3 28. hxg3 Ba6 29.
Nd5 Rfe8 30. Rd2 Bb7 31. Rfd1 f5 32. Qc5 f4 33. g4 e4 34. Qc4 exf3+ 35. exf3 Re6 36.
Ne7+ Kf7 37. Nxg6 1-0

[Event "*** Titled Tuesday Blitz"]
[Site "Chess.com"]
[Date "2020.12.01"]
[Round "1"]
[White "Azerichess"]
[Black "Snegokhod"]
[Result "1-0"]
[WhiteElo "2958"]
[BlackElo "2445"]
[TimeControl "180+1"]
[EndTime "10:06:29 PST"]
[Termination "Azerichess won by resignation"]

1. d4 Nf6 2. c4 g6 3. Nc3 d5 4.
Nf3 Bg7 5. cxd5 Nxd5 6. Bg5 O-O 7. Rc1 c6 8. e4 Nb6 9. Be2 N8d7 10. O-O h6 11.
Be3 Kh7 12. Re1 e5 13. h3 Re8 14. d5 cxd5 15. Nxd5 Nxd5 16. Qxd5 Qe7 17. Rc7 Qe6 18. Qxe6 Rxe6 19. Rd1 Nf6 20. Rxf7 Nxe4 21. Rd8 Rd6 22.
Rxd6 Nxd6 23. Rc7 Be6 24. Nxe5 Rc8 25. Re7 Bxa2 26. Bd3 Kg8 27. Nxg6 Bxb2 28. Rd7 Rc3 29. Rxd6 Bc4 30. Rd8+ Kg7 31. Bd4+ Kf7 32. Bxc3 Bxc3 33.
Bxc4+ Kxg6 34. Rd6+ Kf5 35. Rd7 b5 36. Bxb5 Ke6 37.
Rxa7 1-0

[Event "*** Titled Tuesday Blitz"]
[Site "Chess.com"]
[Date "2020.12.01"]
[Round "1"]
[White "ftorodent"]
[Black "mortngabriel"]
[Result "1-0"]
[WhiteElo "2618"]
[BlackElo "2300"]
[TimeControl "180+1"]
[EndTime "10:06:29 PST"]
[Termination "ftorodent won by checkmate"]

1. d4 Nf6 2. c4 e6 3. Nf3 b6 4.
a3 Ba6 5. Qb3 d5 6. cxd5 exd5 7.
Qa4+ c6 8. Bf4 Bd6 9. Be5 O-O 10. Nc3 Re8 11. Rd1 Ne4 12. Qc2 Bxe5 13. Nxe5 f6 14.
Nf3 Qe7 15. e3 Bxf1 16. Kxf1 Nd7 17. Nxe4 dxe4 18. Nd2 c5 19. d5 b5 20. g3 Nb6 21.
Nb3 c4 22. Nd4 Qc5 23. Ne6 Qd6 24. Qxe4 a6 25. Qg4 Ra7 26. e4 Nd7 27. Qxg7# 1-0

[Event "*** Titled Tuesday Blitz"]
[Site "Chess.com"]
[Date "2020.12.01"]
[Round "1"]
[White "MarcLonoff"]
[Black "Agibileg"]
[Result "0-1"]
[WhiteElo "2191"]
[BlackElo "2534"]
[TimeControl "180+1"]
[EndTime "10:06:29 PST"]
[Termination "Agibileg won on time"]

1. c4 Nf6 2. Nc3 g6 3. g3 Bg7 4. Bg2 O-O 5. e4 d6 6. Nge2 e5 7. O-O c6 8. h3 Be6 9. d3 Na6 10. f4 Qd7 11. Kh2 Ne8 12. Be3 f5 13. Qd2 Nf6 14.
b3 Nc7 15. d4 fxe4 16. Nxe4 Nxe4 17. Bxe4 exd4 18. Nxd4 Bxh3 19. f5 Bxf1 20. Rxf1 Rae8 21.
Bc2 c5 22. Ne6 Nxe6 23. fxe6 Qxe6 24. Rxf8+ Bxf8 25. Bf4 Qe2+ 26. Kg1 Qxd2 27. Bxd2 Re2 0-1